 Dungeon Crawl Stone Soup version 0.31-a0-230-g09eb5fc4d3 (webtiles) character file.

Game seed: 9838771958478798737

103 qw the Shooter (level 4, -2/26 HPs)
             Began as a Gargoyle Hexslinger on July 6, 2023.
             Slain by Terence
             ... wielding a +0 flail
              (6 damage)
             ... on level 2 of the Dungeon.
             The game lasted 00:00:41 (1421 turns).

qw the Shooter (Gargoyle Hexslinger)                Turns: 1421, Time: 00:00:41

Health: -2/26      AC:  8    Str: 11    XL:     4   Next: 79%
Magic:  5/5        EV: 10    Int: 14    God:
Gold:   162        SH:  0    Dex: 14    Spells: 4/5 levels left

rFire   . . .        Y - +1 sling
rCold   + . .        (no shield)
rNeg    + . .        i - +0 ring mail {rC+}
rPois   inf          (no helmet)
rElec   +            (no cloak)
rCorr   .            (no gloves)
SInv    .            (no boots)
Will    .....        (no amulet)
Stlth   +            (no ring)
HPRegen 0.24/turn    (no ring)
MPRegen 0.09/turn

%: no passive effects
@: no status effects
A: sickness immunity, AC +3, negative energy resistance 1, electricity
resistance, torment resistance 1, petrification resistance
a: no special abilities


You were on level 2 of the Dungeon.
You visited 1 branch of the dungeon, and saw 2 of its levels.

You collected 162 gold pieces.


Innate Abilities, Weirdness & Mutations

You are immune to sickness and miasma.
Your stone body is resilient. (AC +3)
You are immune to poison.
You resist negative energy. (rN+)
You are resistant to electric shocks. (rElec)
You are resistant to unholy torment.
You are immune to petrification.


   Skills:
 - Level 2.0 Fighting
 + Level 4.1 Ranged Weapons
 - Level 1.5 Armour
 - Level 1.5 Dodging
 - Level 1.0 Spellcasting
 - Level 2.6 Hexes


You had 4 spell levels left.
You knew the following spells:

 Your Spells              Type           Power      Damage    Failure   Level
a - Slow                  Hex            32%        N/A       21%         1

Your spell library contained the following spells:

 Spells                   Type           Power      Damage    Failure   Level
 Inner Flame              Hex/Fire       4%         N/A       71%         3
 Portal Projectile        Hex/Tloc       8%         N/A       71%         3
 Cause Fear               Hex            4%         N/A       90%         4

Inventory:

Hand Weapons
 Y - a +1 sling (weapon)
Armour
 i - a +0 ring mail of cold resistance (worn)
Jewellery
 a - a ring of fire
 b - a ring of resist corrosion
Scrolls
 d - a scroll of amnesia {unknown}
 e - a scroll of vulnerability {unknown}
 f - a scroll of revelation {unknown}
Potions
 c - a potion of might {unknown}

Dungeon Overview and Level Annotations

Branches:
Dungeon (2/15)

Altars:
Vehumet

Annotations:
D:2 Terence


Message History

You kill the frilled lizard!
You see here a frilled lizard corpse.
Terence the Incautious comes into view.
He is wielding a +0 flail.
Terence shouts!
Enter note:
Enter note:
Enter note:
Enter note:
Enter note:
Enter note: You shoot a sling bullet.
The sling bullet hits Terence.
Terence is lightly wounded.
You shoot a sling bullet.
The sling bullet hits Terence but does no damage.
Terence is lightly wounded.
You shoot a sling bullet. The sling bullet barely misses Terence.
You shoot a sling bullet. The sling bullet hits Terence.
Terence is moderately wounded.
Terence hits you with a +0 flail.
You shoot a sling bullet. The sling bullet hits Terence.
Terence is heavily wounded.
Terence hits you with a +0 flail.
You shoot a sling bullet.
The sling bullet closely misses Terence.
Terence misses you.
You shoot a sling bullet. The sling bullet hits Terence.
Terence is heavily wounded.
Terence shouts, "Get ready for death!"
Terence barely misses you. Terence hits you with a +0 flail!
You shoot a sling bullet.
The sling bullet completely misses Terence.
Terence closely misses you.
You shoot a sling bullet. The sling bullet hits Terence.
Terence is almost dead.
Terence hits you but does no damage.
You shoot a sling bullet.
The sling bullet hits Terence but does no damage.
Terence is almost dead.
Terence hits you with a +0 flail! Terence hits you with a +0 flail.
You die...

#.... #.... ##+######
#:... ......".# #..).
........# ##.#.
.....!..# ####.#.
..^.....# #......
........########
#...... #....@@%......#
#......
#############.###......
#..#........
#..###......
#......#.#.#
#..........#
##.#...#.#.# #.#
#.#.###.#.# #.######
#.#.###.#..


You could see Terence.

Vanquished Creatures
  Jessica (D:2)
  3 adders (D:2)
  2 worms (D:2)
  A dart slug (D:2)
  3 bats
  7 endoplasms
  A giant cockroach (D:1)
  4 goblins
  2 hobgoblins (D:1)
  4 jackals (D:2)
  2 kobolds (D:2)
  2 quokkas (D:1)
  2 ball pythons (D:1)
  5 frilled lizards
  4 rats
43 creatures vanquished.

Notes
Turn   | Place    | Note
-------+----------+-------------------------------------------
     0 | D:1      | qw the Gargoyle Hexslinger began the quest for the Orb.
     0 | D:1      | Reached XP level 1. HP: 12/12 MP: 2/2
     0 | D:1      | 0 ||| qw: Version: 0.3-a-46-gb1f654a
     0 | D:1      | 0 ||| qw: Game counter: 1736
     0 | D:1      | 0 ||| qw: Melee chars always use a shield: true
     0 | D:1      | 0 ||| qw: God list: Okawaru
     0 | D:1      | 0 ||| qw: Allow faded altars: false
     0 | D:1      | 0 ||| qw: Do Orc after clearing Dungeon:15 true
     0 | D:1      | 0 ||| qw: Do second Lair branch before Depths: true
     0 | D:1      | 0 ||| qw: Lair rune preference: random
     0 | D:1      | 0 ||| qw: Goals: Normal
     0 | D:1      | 0 ||| PLANNING D:1-11
   118 | D:1      | Reached XP level 2. HP: 16/16 MP: 3/3
   209 | D:1      | Reached skill level 3 in Ranged Weapons
   402 | D:1      | Reached XP level 3. HP: 21/21 MP: 4/4
   838 | D:1      | 838 ||| UPGRADING to +0 ring mail.
   848 | D:1      | 848 ||| DROPPING +0 robe.
   849 | D:1      | 849 ||| UPGRADING to +0 ring mail of cold resistance.
   859 | D:1      | 859 ||| DROPPING +0 ring mail.
   860 | D:1      | 860 ||| READING scroll labelled CIASIL WYLASE.
   861 | D:1      | 861 ||| READING scroll labelled QUTZASHEIGA.
   862 | D:1      | 862 ||| READING scroll labelled XUBBOQ YKATHRO.
   866 | D:1      | 866 ||| DRINKING 2 metallic sapphire potions.
   867 | D:1      | 867 ||| DROPPING scroll of poison.
   868 | D:1      | 868 ||| DROPPING potion of attraction.
  1058 | D:2      | Found a radiant altar of Vehumet.
  1136 | D:2      | Reached skill level 4 in Ranged Weapons
  1136 | D:2      | Reached XP level 4. HP: 13/26 MP: 5/5
  1224 | D:2      | Noticed Jessica
  1226 | D:2      | Killed Jessica
  1227 | D:2      | Reached skill level 1 in Armour
  1411 | D:2      | Noticed Terence
  1421 | D:2      | HP: 4/26 [Terence/+0 flail (8)]
  1421 | D:2      | Slain by Terence

Levels and vault maps discovered:
D:1:      amcnicky_arrival_gap_in_the_tavern_cellar, layout_loops_ring,
          patterned_corridor
D:2:      layout_basic, basic_altar, minmay_small_reverse_x, uniq_terence,
          uniq_jessica

Skill      XL: |  1  2  3  4 |
---------------+-------------+-----
Ranged Weapons | 3 4 |  4.1
Fighting       | 2 |  2.0
Armour         | 1 |  1.5
Dodging        | |  1.5
Spellcasting   | |  1.0
Hexes          | |  2.6

Action                     |  1- 3 |  4- 6 || total
---------------------------+-------+-------++-------
   Fire: Sling             |   148 |    42 ||   190
    Use: Scroll            |     3 |       ||     3
         Potion            |     1 |       ||     1
 Armour: Robe              |     9 |       ||     9
         Ring mail         |    40 |    16 ||    56
  Dodge: Dodged            |    74 |    18 ||    92

Table legend:
 A = Non-vault XP
 B = Vault XP
 C = Vault XP percentage of total XP
 D = Non-vault monster count
 E = Vault monster count
 F = Vault count percentage of total count
                 A         B        C        D         E       F
            +---------+---------+-------+---------+---------+-------
      Total |      91 |      57 |  38.5 |      38 |       5 |  11.6
            +---------+---------+-------+---------+---------+-------
        D:1 |      37 |       0 |   0.0 |      23 |       0 |   0.0
        D:2 |      54 |      57 |  51.4 |      15 |       5 |  25.0
            +---------+---------+-------+---------+---------+-------
